 Dungeon Sprint DCSS version 0.30.1-4-g462c640d31 (webtiles) character file.

Game seed: 9681962232754754120

14383 Heoruswealwe the Ninja (level 11, -8/56 HPs)
             Began as a Spriggan Artificer on Aug 29, 2023.
             Was an Initiate of Gozag.
             Mangled by a daeva
             ... wielding a +4 scimitar of holy wrath
              (13 damage)
             ... in the Dungeon (Sprint I: "Red Sonja").
             The game lasted 00:27:13 (2142 turns).

Heoruswealwe the Ninja (Spriggan Artificer)         Turns: 2142, Time: 00:27:16

Health: -8/56      AC:  2    Str: 13    XL:     11   Next: 88%
Magic:  12/12      EV: 39    Int: 13    God:    Gozag
Gold:   2097       SH:  0    Dex: 25    Spells: 10/10 levels left

rFire   . . .        a - +3 quick blade (elec)
rCold   . . .        (no shield)
rNeg    . . .        b - +0 robe of the Persimmons {Str+5 Dex+5}
rPois   .            (helmet restricted)
rElec   .            (no cloak)
rCorr   .            (gloves unavailable)
SInv    +            (boots unavailable)
Will    +....        (no amulet)
Stlth   ++++         (no ring)
HPRegen 0.29/turn    (no ring)
MPRegen 0.13/turn

%: no teleportation
@: glowing, very quick
A: very small, no large weapons, unfitting armour, see invisible, speed 3
a: Renounce Religion, Potion Petition, Call Merchant, Bribe Branch


You were in the Dungeon.
You worshipped Gozag.
Gozag was most pleased with you.
You visited 1 branch You collected 6767 gold pieces.
You spent 1369 gold pieces at shops.
You donated 35 gold pieces to Zin.
You paid 3266 gold pieces to Gozag.

Inventory:

Hand Weapons
 a - a +3 quick blade of electrocution (weapon)
Armour
 b - the +0 robe of the Persimmons (worn) {Str+5 Dex+5}
   (You bought it in a shop in the Dungeon)

   Str:       It affects your strength (+5).
   Dex:       It affects your dexterity (+5).
Wands
 d - a wand of charming (9)
 l - a wand of digging (1)
 m - a wand of polymorph (5)
 n - a wand of acid (2)
Scrolls
 k - a scroll of blinking
 o - 2 scrolls of fog
Potions
 e - a potion of ambrosia
 f - 4 potions of curing
 h - a potion of haste
 i - 2 potions of magic
 j - a potion of berserk rage


   Skills:
 + Level 5.7 Fighting
 + Level 7.4 Short Blades
 + Level 19.3 Dodging
 O Level 27 Stealth
 * Level 21.0 Evocations


You had 10 spell levels left.
You didn't know any spells.
Your spell library contained the following spells:

 Spells                   Type           Power      Damage    Failure   Level
 Sting                    Tmut/Pois      0%         1d3       30%         1
 Cigotuvi's Dreadful Rot  Necr/Pois/Air  0%         N/A       43%         2
 Poisonous Vapours        Pois/Air       0%         N/A       43%         2
 Olgreb's Toxic Radiance  Pois           0%         N/A       97%         4
 Summon Ice Beast         Ice/Summ       0%         N/A       97%         4
 Metabolic Englaciation   Hex/Ice        0%         N/A       100%        5


Dungeon Overview and Level Annotations

Branches:
Dungeon (1/1)

Altars:
Cheibriados
Dithmenos
Elyvilon
Fedhas
Gozag
Hepliaklqana
Kikubaaqudgha
Makhleb
Nemelex Xobeh
Okawaru
Qazlal
Ru
Sif Muna
Trog
Uskayaw
Vehumet
Wu Jian
Xom
Yredelemnul
Zin
The Shining One
Jiyva
Lugonu

Shops:
D ?**[*![*=:[(([?(*[([=(=[:


Innate Abilities, Weirdness & Mutations

You are very small and have problems with some larger weapons.
You are too small for most types of armour.
You have supernaturally acute eyesight. (SInv)
You cover ground extremely quickly. (Speed+++)


Message History

Aim: a daeva, wielding a +4 scimitar of holy wrath and wearing a +2 tower shield (lightly wounded, covered in acid, haloed, 82% to hit)
The bolt of acid hits the daeva!!
The daeva seems to be corroded for longer.
The daeva is moderately wounded.
The daeva hits you with a +4 scimitar of holy wrath!!
The daeva closely misses you.
Aiming: Corrosive Bolt
Press: ? - help, Shift-Dir - straight line, f/p - daeva
Aim: a daeva, wielding a +4 scimitar of holy wrath and wearing a +2 tower shield (moderately wounded, covered in acid, haloed, 82% to hit)
The bolt of acid hits the daeva!!!
The daeva seems to be corroded for longer.
The daeva is heavily wounded.
The daeva calls down the wrath of the Shining One upon you.
The Shining One smites you!
You feel much better. The daeva completely misses you.
The daeva hits you with a +4 scimitar of holy wrath!
The daeva blocks your attack.
The daeva is heavily wounded.
The daeva hits you with a +4 scimitar of holy wrath!!
* * * LOW HITPOINT WARNING * * *
The daeva misses you.
You feel much better.
The daeva calls down the wrath of the Shining One upon you.
The Shining One smites you! The daeva blocks your attack.
The daeva is heavily wounded.
The daeva blocks your attack.
The daeva is heavily wounded.
The daeva completely misses you. x2
The daeva blocks your attack.
Your punch misses the daeva.
The daeva is heavily wounded.
You hit the daeva.
The daeva is heavily wounded.
The daeva blocks your attack.
The daeva is heavily wounded.
The daeva hits you with a +4 scimitar of holy wrath!!
* * * LOW HITPOINT WARNING * * *
The daeva hits you with a +4 scimitar of holy wrath!
You die...
Your body crumbles into a pile of gold. ######################### [..#).#§...§§§...§+..#..+$$$$ [..##'#§####§§§.§##..'..#$$$$ ...'..#.#.###...#######+#$$ $$ ####..+.#'#.###+# (## $$$$$ $$ ..##+####...#)#.##$$$# $$$$

$
..#..○.°#.....#.@A..$#
$$
..#..○.°+.....##.#.#$#
#'###.)°#.....#..###$#
#.+.#...###++##.##..$#
###.#..###..###. +###
∩##.#..####°.###
###§##+#..#°.#.###
.##§##)#○○.°...°.#
..+§####.°°......#


You could see a daeva (corroded).

Vanquished Creatures
  A lorocyproca (D)
  A hydra (D)
  2 centaur warriors (D)
  Sonja (D)
  A deep troll (D)
  A lindwurm (D)
  An oklob plant (D)
  8 shining eyes (D)
  2 unseen horrors (D)
  4 demonic crawlers (D)
  A gargoyle (D)
  2 kobold demonologists (D)
  A hornet (D)
  A meliai (D)
  A slime creature (D)
  Sigmund (D)
  A yak (D)
  13 hogs (D)
  2 redbacks (D)
  7 floating eyes (D)
  An ogre (D)
  5 necrophages (D)
  7 jellies (D)
  Ijyb (D)
  A ballistomycete spore (D)
67 creatures vanquished.

Vanquished Creatures (collateral kills)
  A necrophage (D)
1 creature vanquished.

Vanquished Creatures (others)
  A necrophage (D)
  A jelly (D)
  A ballistomycete spore (D)
3 creatures vanquished.

Grand Total: 71 creatures vanquished

Notes
Turn   | Place    | Note
-------+----------+-------------------------------------------
     0 | D        | Heoruswealwe the Spriggan Artificer began the quest for the
                  | Orb.
     0 | D        | Reached XP level 1. HP: 9/9 MP: 2/2
     1 | D        | Noticed Ijyb
     3 | D        | Killed Ijyb
     4 | D        | Reached skill level 6 in Stealth
     4 | D        | Reached skill level 5 in Evocations
     4 | D        | Reached XP level 2. HP: 14/14 MP: 3/3
    29 | D        | Noticed an ogre
    40 | D        | Killed an ogre
    41 | D        | Reached skill level 10 in Stealth
    41 | D        | Reached XP level 3. HP: 17/17 MP: 4/4
    41 | D        | Reached XP level 4. HP: 21/21 MP: 5/5
    56 | D        | Noticed Sigmund
    57 | D        | Killed Sigmund
    58 | D        | Reached skill level 13 in Stealth
    58 | D        | Reached XP level 5. HP: 25/25 MP: 6/6
    71 | D        | Found an ornate altar of the Wu Jian Council.
    71 | D        | Found a shimmering blue altar of Sif Muna.
    73 | D        | Found a radiant altar of Vehumet.
    76 | D        | Reached XP level 6. HP: 29/29 MP: 7/7
   102 | D        | Found Niagauli's Distillery.
   102 | D        | Found an ancient bone altar of Kikubaaqudgha.
   102 | D        | Found a hazy altar of Hepliaklqana.
   102 | D        | Found a stormy altar of Qazlal.
   102 | D        | Found a hide-covered altar of Uskayaw.
   102 | D        | Found a blossoming altar of Fedhas.
   102 | D        | Found a bloodstained altar of Trog.
   102 | D        | Found an iron altar of Okawaru.
   102 | D        | Found a basalt altar of Yredelemnul.
   102 | D        | Found a glowing golden altar of the Shining One.
   102 | D        | Found a snail-covered altar of Cheibriados.
   102 | D        | Found a sacrificial altar of Ru.
   102 | D        | Found a glowing silver altar of Zin.
   102 | D        | Found a shadowy altar of Dithmenos.
   102 | D        | Found a white marble altar of Elyvilon.
   102 | D        | Noticed a yak
   110 | D        | Killed a yak
   111 | D        | Reached skill level 15 in Stealth
   111 | D        | Reached skill level 10 in Evocations
   114 | D        | Found an opulent altar of Gozag.
   115 | D        | Found a sparkling altar of Nemelex Xobeh.
   120 | D        | Became a worshipper of Zin the Law-Giver
   120 | D        | Reached * piety under Zin
   120 | D        | Reached ** piety under Zin
   120 | D        | Reached *** piety under Zin
   120 | D        | Reached **** piety under Zin
   120 | D        | Reached ***** piety under Zin
   120 | D        | Reached ****** piety under Zin
   128 | D        | Noticed Sonja
   131 | D        | Killed Sonja
   132 | D        | Reached skill level 18 in Stealth
   132 | D        | Reached XP level 7. HP: 32/32 MP: 8/8
   148 | D        | Found Iffaph's Magic Scroll Boutique.
   158 | D        | Noticed a shining eye
   158 | D        | Noticed a shining eye
   158 | D        | Noticed a shining eye
   158 | D        | Noticed a shining eye
   158 | D        | Noticed a shining eye
   158 | D        | Noticed a shining eye
   163 | D        | Paralysed by a floating eye for 4 turns
   170 | D        | Reached XP level 8. HP: 37/37 MP: 9/9
   171 | D        | Paralysed by a floating eye for 3 turns
   181 | D        | Paralysed by a floating eye for 2 turns
   185 | D        | Paralysed by a floating eye for 3 turns
   189 | D        | Paralysed by a floating eye for 2 turns
   192 | D        | Reached skill level 19 in Stealth
   265 | D        | Killed a shining eye
   266 | D        | Reached skill level 20 in Stealth
   337 | D        | Killed a shining eye
   338 | D        | Reached skill level 21 in Stealth
   428 | D        | Killed a shining eye
   429 | D        | Reached XP level 9. HP: 40/40 MP: 10/10
   436 | D        | Paralysed by a floating eye for 4 turns
   449 | D        | Reached skill level 22 in Stealth
   452 | D        | Noticed a shining eye
   452 | D        | Noticed a shining eye
   554 | D        | Killed a shining eye
   624 | D        | Killed a shining eye
   625 | D        | Reached skill level 23 in Stealth
   625 | D        | Reached skill level 15 in Evocations
   647 | D        | Paralysed by a floating eye for 4 turns
   654 | D        | Paralysed by a floating eye for 2 turns
   658 | D        | Paralysed by a floating eye for 3 turns
   738 | D        | Killed a shining eye
   739 | D        | Reached skill level 15 in Dodging
   844 | D        | Killed a shining eye
   845 | D        | Reached skill level 24 in Stealth
   845 | D        | Reached XP level 10. HP: 44/44 MP: 11/11
   919 | D        | Killed a shining eye
   940 | D        | Found Ixesirph's Jewellery Shop.
   940 | D        | Found Faudid's General Store.
   940 | D        | Found Quntux's Book Boutique.
   940 | D        | Found Gycerhir's Assorted Antiques.
   947 | D        | Bought a fluorescent wand for 72 gold pieces
   947 | D        | Bought a scroll labelled RADECHIOSH for 18 gold pieces
   947 | D        | Bought a scroll labelled QUSTRU BATA for 18 gold pieces
   947 | D        | Bought a scroll labelled GEBLUX JIPEA for 18 gold pieces
   982 | D        | Fell from the grace of Zin
   982 | D        | Became a worshipper of Gozag Ym Sagoz the Greedy
  1122 | D        | Bought a dagger for 36 gold pieces
  1147 | D        | Noticed a deep troll
  1151 | D        | Killed a deep troll
  1152 | D        | Reached skill level 25 in Stealth
  1162 | D        | Found Plog's Armour Emporium.
  1187 | D        | Noticed a centaur warrior
  1188 | D        | Noticed a centaur warrior
  1191 | D        | Killed a centaur warrior
  1193 | D        | Killed a centaur warrior
  1194 | D        | Reached skill level 26 in Stealth
  1224 | D        | Noticed an oklob plant
  1226 | D        | Killed an oklob plant
  1282 | D        | Reached skill level 27 in Stealth
  1284 | D        | Reached skill level 1 in Fighting
  1284 | D        | Reached skill level 1 in Short Blades
  1284 | D        | Reached XP level 11. HP: 49/49 MP: 12/12
  1385 | D        | Got the Precepts of Hail and Contamination
  1398 | D        | Found Gauful's Weapon Shoppe.
  1398 | D        | Found Eqiosaha's Armour Shop.
  1398 | D        | Found Naexaid's Weapon Boutique.
  1404 | D        | Found Ozuack's Weapon Boutique.
  1404 | D        | Found Leucroko's Book Emporium.
  1404 | D        | Found Baiplekk's Jewellery Emporium.
  1406 | D        | Found Wopyiq Qeceh's Jewellery Boutique.
  1406 | D        | Found Eshunk's Armour Shoppe.
  1406 | D        | Found Obratuoz's Weapon Shop.
  1406 | D        | Found Neopt's Armour Emporium.
  1406 | D        | Found Unetol's General Store.
  1406 | D        | Found Kuotreoh's Antique Weapon Shoppe.
  1406 | D        | Found Qonaloin's Magic Scroll Shop.
  1410 | D        | Found Nymnil's Armour Emporium.
  1413 | D        | Bought a +1 quick blade of electrocution for 534 gold
                  | pieces
  1417 | D        | Bought a scroll of identify for 24 gold pieces
  1417 | D        | Bought a scroll of identify for 24 gold pieces
  1417 | D        | Bought a scroll of identify for 24 gold pieces
  1471 | D        | Bought a scroll of enchant weapon for 82 gold pieces
  1484 | D        | Bought a scroll of enchant weapon for 75 gold pieces
  1494 | D        | Bought 2 lumpy dark potions for 63 gold pieces
  1494 | D        | Bought an emerald potion for 31 gold pieces
  1494 | D        | Bought a wooden wand for 140 gold pieces
  1557 | D        | Found a burning altar of Makhleb.
  1557 | D        | Found a viscous altar of Jiyva.
  1557 | D        | Found a shimmering altar of Xom.
  1557 | D        | Found a corrupted altar of Lugonu.
  1587 | D        | Noticed a sixfirhy
  1645 | D        | Noticed a lindwurm
  1647 | D        | Killed a lindwurm
  1648 | D        | Reached skill level 5 in Short Blades
  1705 | D        | Noticed a 12-headed hydra
  1707 | D        | Killed a 12-headed hydra
  1708 | D        | Reached skill level 5 in Fighting
  1791 | D        | Bought an ichor-stained robe for 210 gold pieces
  1791 | D        | Identified the +0 robe of the Persimmons {Str+5 Dex+5} (You
                  | bought it in a shop in the Dungeon)
  1877 | D        | Noticed a lorocyproca
  1883 | D        | Killed a lorocyproca
  2128 | D        | Noticed a daeva
  2142 | D        | Mangled by a daeva

Illustrated notes

Levels and vault maps discovered:
D:        dungeon_sprint_1 [red_sonja_temple_1, red_sonja_temple_small_1]

Skill      XL: |  1  2  3  4  5  6  7  8  9 10 11 |
---------------+----------------------------------+-----
Dodging        | 4 6 8 11 12 13 15 17 19 | 19.3
Stealth        | 6 10 13 18 21 24 27 | 27.0
Evocations     | 5 7 9 12 14 15 17 21 | 21.0
Fighting       | 1 5 |  5.7
Short Blades   | 1 7 |  7.4

Action                     |  1- 3 |  4- 6 |  7- 9 | 10-12 || total
---------------------------+-------+-------+-------+-------++-------
  Melee: Club              |       |       |   613 |    76 ||   689
         Punch             |       |       |    17 |     2 ||    19
         Dagger            |       |       |       |    15 ||    15
         Quick blade       |       |       |       |    40 ||    40
 Invoke: Call Merchant     |       |       |       |     4 ||     4
  Evoke: Wand              |     7 |    11 |       |    21 ||    39
    Use: Scroll            |       |       |       |     7 ||     7
         Potion            |       |       |       |     2 ||     2
   Stab: Sleeping          |       |       |     2 |    39 ||    41
  Dodge: Dodged            |       |     3 |       |    27 ||    30
